 Dungeon Crawl Stone Soup version 0.30-a0-956-gcec3b41aec (webtiles) character file.

Game seed: 12897768650692630808

91 lesbiats the Cudgeller (level 4, 0/45 HPs)
             Began as a Troll Fighter on Mar 29, 2023.
             Slain by an orc
             ... wielding a +0 mace
              (5 damage)
             ... on level 3 of the Dungeon on Mar 30, 2023.
             The game lasted 00:04:22 (1434 turns).

lesbiats the Cudgeller (Troll Fighter)              Turns: 1434, Time: 00:04:23

Health: 0/45       AC:  4    Str: 26    XL:     4   Next: 33%
Magic:  12/12      EV:  8    Int:  4    God:
Gold:   124        SH:  7    Dex:  9    Spells: 3/3 levels left

rFire   . . .      SeeInvis .    a - +0 flail
rCold   . . .      Faith    .    c - +0 kite shield
rNeg    + . .      Spirit   .    b - +0 robe
rPois   .          Reflect  .    (helmet restricted)
rElec   .          Rampage  .    (no cloak)
rCorr   .                        (gloves unavailable)
Will    .....                    (boots unavailable)
Stlth   +                        (no amulet)
HPRegen 1.07/turn                q - ring of magical power
MPRegen 0.13/turn                r - ring of positive energy

@: no status effects
A: large, unfitting armour, claws 3, regeneration 1, shaggy fur 1, tough skin 1
a: no special abilities


You were on level 3 of the Dungeon.
You visited 1 branch of the dungeon, and saw 3 of its levels.

You collected 124 gold pieces.

Inventory:

Hand Weapons
 a - a +0 flail (weapon)
Armour
 b - a +0 robe (worn)
 c - a +0 kite shield (worn)
Jewellery
 q - a ring of magical power (left claw)
 r - a ring of positive energy (right claw)
Scrolls
 f - 2 scrolls of noise {unknown}
 g - a scroll of blinking {unknown}
 h - a scroll of identify {unknown}
 i - a scroll of summoning {unknown}
 j - a scroll of enchant armour {unknown}
 k - 2 scrolls of silence {unknown}
 m - 2 scrolls of fog {unknown}
 p - a scroll of magic mapping {unknown}
Potions
 d - 2 potions of might
 e - a potion of cancellation {unknown}
 l - a potion of haste {unknown}
 n - a potion of berserk rage {unknown}
 o - a potion of magic {unknown}


   Skills:
 + Level 3.0 Fighting
 * Level 3.2 Maces & Flails
 + Level 3.0 Dodging
 - Level 2.6 Shields


You had 3 spell levels left.
You didn't know any spells.
Your spell library contained the following spells:

 Spells                   Type           Power      Damage    Failure   Level
 Necrotise                Necr           0%         1d4       80%         1
 Vampiric Draining        Necr           0%         2d6       99%         3
 Agony                    Necr           0%         N/A       100%        5


Dungeon Overview and Level Annotations

Branches:
Dungeon (3/15)

Altars:


Innate Abilities, Weirdness & Mutations

You are too large for most types of armour.
You have claws for hands.
Your natural rate of healing is unusually fast.
You are covered in fur. (AC +1)
You have tough skin. (AC +1)


Message History

The orc wizard hits you with a +0 dagger of protection.
The orc hits you but does no damage. The orc attacks as you move away!
The orc hits you with a +0 mace. The orc wizard barely misses you.
You're too confused to move!
The orc hits you but does no damage.
The orc wizard hits you with a +0 dagger of protection.
The orc hits you with a +0 mace.
You bump into the rock wall.
The orc hits you but does no damage. The orc hits you with a +0 falchion.
The orc hits you with a +0 mace.
You bump into the rock wall.
The orc hits you with a +0 mace. The orc hits you but does no damage.
The orc hits you with a +0 mace.
You're too confused to move!
You feel less confused. The orc completely misses you.
The orc hits you with a +0 falchion.
* * * LOW HITPOINT WARNING * * *
You block the orc's attack.
You hit the orc.
The orc is heavily wounded.
The orc hits you with a +0 mace.
* * * LOW HITPOINT WARNING * * *
You closely miss the orc.
The orc is heavily wounded.
The orc closely misses you. The orc hits you but does no damage.
You thump the orc wizard!
You kill the orc wizard!
The orc hits you with a +0 mace.
* * * LOW HITPOINT WARNING * * *
Your Fighting skill increases to level 3!
Your Dodging skill increases to level 3!
You have reached level 4!
Okay, then.
You hit the orc.
The orc is almost dead.
The orc closely misses you. The orc hits you with a +0 mace.
* * * LOW HITPOINT WARNING * * *
The orc attacks as you move away! The orc completely misses you.
The orc hits you but does no damage. The orc attacks as you move away!
The orc closely misses you. The orc attacks as you move away!
The orc hits you with a +0 mace.
You die...

..# #.. ##.### ....
#########.##################
............................
#######....##..............####
.......!...)ooo.............†..
######....###@.##########.##..
#..........................#
#.#)........................ #
#.#######................. #.
...........<#.####### #.
######..###.#.# #! #.># #.#.#
#. ##.# #.#.# #. #.# #.#.#


You could see 3 orcs.

Vanquished Creatures
  An orc wizard (D:3)
  2 adders
  A dart slug (D:1)
  An orc (D:3)
  A ball python (D:1)
  An endoplasm (D:2)
  2 giant cockroaches (D:3)
  5 goblins
  A hobgoblin (D:1)
  6 jackals (D:1)
  4 quokkas (D:1)
  2 bats (D:1)
  5 frilled lizards
  5 kobolds
  7 rats
44 creatures vanquished.

Notes
Turn   | Place    | Note
-------+----------+-------------------------------------------
     0 | D:1      | lesbiats the Troll Fighter began the quest for the Orb.
     0 | D:1      | Reached XP level 1. HP: 22/22 MP: 0/0
   123 | D:1      | Reached XP level 2. HP: 29/29 MP: 1/1
   365 | D:1      | Found a faded altar of an unknown god.
   527 | D:1      | Reached XP level 3. HP: 36/36 MP: 2/2
  1431 | D:3      | Reached XP level 4. HP: 8/45 MP: 3/3
  1434 | D:3      | Slain by an orc

Illustrated notes

Levels and vault maps discovered:
D:1:      amcnicky_arrival_single_pillar, layout_rooms,
          ebering_ecumenical_altar_box, minmay_strange_pillars
D:2:      layout_loops_ring
D:3:      layout_basic, uniq_robin

Skill      XL: |  1  2  3 |
---------------+----------+-----
Maces & Flails | 2 3 |  3.2
Fighting       | 3 |  3.0
Dodging        | 3 |  3.0
Shields        | |  2.6

Action                     |  1- 3 |  4- 6 || total
---------------------------+-------+-------++-------
  Melee: Flail             |   187 |     1 ||   188
   Stab: Sleeping          |     1 |       ||     1
 Armour: Robe              |   100 |     1 ||   101
  Dodge: Dodged            |   100 |     3 ||   103
  Block: Kite shield       |   105 |       ||   105

Table legend: (Time is in decaauts)
 A = Elapsed time spent in this place.
 B = Non-inter-level travel time spent in this place.
 C = Inter-level travel time spent in this place.
 D = Time resting spent in this place.
 E = Time spent auto-exploring this place.
 F = Levels seen in this place.
 G = Mean time per level.
                   A        B        C        D        E       F      G
               +--------+--------+--------+--------+--------+-----+--------+
         Total |   1512 |   1441 |     71 |      0 |    986 |   3 |  504.0 |
       Dungeon |   1512 |   1441 |     71 |      0 |    986 |   3 |  504.0 |
               +--------+--------+--------+--------+--------+-----+--------+

Top non-repeatable levels by time:
     D:1: 713 daAuts
     D:2: 659 daAuts
     D:3: 139 daAuts
